 Dungeon Crawl Stone Soup version 0.30-a0-800-g7c544603b3 (webtiles) character file.

Game seed: 955169612011191653

516 NinjaNoafa the Conjurer (level 7, -6/56 HPs)
             Began as a Meteoran Conjurer on Feb 21, 2023.
             Mangled by a hornet (11 damage)
             ... on level 5 of the Dungeon.
             The game lasted 00:07:35 (2210 turns).

NinjaNoafa the Conjurer (Meteoran Conjurer)         Turns: 2210, Time: 00:07:35

Health: -6/56      AC:  4    Str:  8    XL:     7   Next: 73%
Magic:  7/15       EV: 12    Int: 23    God:
Gold:   209        SH:  4    Dex: 12    Spells: 9/15 levels left

rFire   + . .      SeeInvis .    m - staff of conjuration
rCold   . . .      Faith    .    p - +0 buckler
rNeg    . . .      Spirit   .    q - +1 leather armour {rF+}
rPois   .          Reflect  .    (no helmet)
rElec   .          Harm     .    (no cloak)
rCorr   .          Rampage  .    (no gloves)
Will    .....                    (no boots)
Stlth   +                        (no amulet)
HPRegen 0.29/turn                (no ring)
MPRegen 0.14/turn                (no ring)

@: lethally poisoned (-6 -> -18), slowed, glowing, very slow
A: sense surroundings 1, otherworldly, glowing, explore regen
a: no special abilities


You were on level 5 of the Dungeon.
You visited 1 branch of the dungeon, and saw 5 of its levels.

You collected 209 gold pieces.

Inventory:

Missiles
 c - 5 poisoned darts
Armour
 p - a +0 buckler (worn)
 q - a +1 leather armour of fire resistance (worn)
Magical Staves
 m - a staff of conjuration (weapon)
Scrolls
 d - a scroll of immolation {unknown}
 e - 2 scrolls of identify
 h - a scroll of blinking {unknown}
 i - a scroll of teleportation {unknown}
 n - 3 scrolls of fear
 o - a scroll of enchant armour {unknown}
Potions
 b - a potion of magic
 f - 2 potions of attraction {unknown}
 g - a potion of degeneration {unknown}
 j - 2 potions of curing
 k - 2 potions of resistance {unknown}
 l - a potion of heal wounds {unknown}


   Skills:
 + Level 2.6 Fighting
 - Level 4.0 Dodging
 - Level 1.4 Stealth
 + Level 2.9 Shields
 - Level 4.7 Spellcasting
 - Level 6.4 Conjurations
 + Level 3.2 Hexes


You had 9 spell levels left.
You knew the following spells:

 Your Spells              Type           Power      Damage    Failure   Level
a - Magic Dart            Conj           100%       1d8       1%          1
b - Searing Ray           Conj           100%       2d8       1%          2
c - Dazzling Flash        Conj/Hex       82%        N/A       8%          3

Your spell library contained the following spells:

 Spells                   Type           Power      Damage    Failure   Level
 Fulminant Prism          Conj/Hex       20%        3d12      26%         4
 Iskenderun's Mystic Bla  Conj/Tloc      30%        2d8       45%         4


Dungeon Overview and Level Annotations

Branches:
Dungeon (5/15) Zot: 786
 Temple: D:4-7

Altars:

Shops:
D:4 *[

Annotations:
D:5 Grinder


Innate Abilities, Weirdness & Mutations

You passively map a small area around you.
You are easily found by Zot.
You glow in the dark.
You regain HP and MP as you explore.


Message History

You feel a surge of power!
The searing ray hits the scorpion.
The scorpion is moderately wounded.
The searing ray hits the hornet!
The hornet is moderately wounded. (Press . to maintain the ray.)
The scorpion stings you! The hornet stings you!
You feel yourself slow down. The scorpion barely misses you.
The searing ray hits the hornet!
The hornet is heavily wounded.
The hornet stings you!
* * * LOW HITPOINT WARNING * * *
You are poisoned.
You feel as though you will be slow longer.
The scorpion barely misses you.
The hornet stings you but does no damage.
It was a potion of curing.
You feel better. The scorpion stings you.
You are poisoned.
The scorpion poisons you! The hornet misses you.
The scorpion barely misses you. The hornet completely misses you.
As you read the scroll labelled LALIAV UTEKUE, it crumbles to dust.
It is a scroll of identify.
n - 3 scrolls of fear You feel very sick.
The scorpion is no longer blind.
The hornet is no longer blind.
The hornet stings you.
* * * LOW HITPOINT WARNING * * *
You are more poisoned.
You feel as though you will be slow longer.
The scorpion stings you but does no damage.
The hornet stings you!
* * * LOW HITPOINT WARNING * * *
You suddenly lose the ability to move!
The scorpion stings you.
* * * LOW HITPOINT WARNING * * *
You can move again.
You feel better. The hornet stings you!
* * * LOW HITPOINT WARNING * * *
You are lethally poisoned!
You feel as though you will be slow longer.
The scorpion misses you. The hornet stings you!
You die...

#.
#........#####..######
#.##........## ####
#............# ##
#.#...........#
.####..###........##
...#..# ##...#####
.....## ##...##
......# ##..s##
......# ##5y@##
.....#* ##...# .....#
##..## ....## ##..##
...## ##..## ....#
##..## ....# ##..##
.##.## ####..#########
.##..#
##.............##


You could see Grinder, a hornet and a scorpion.

Vanquished Creatures
  A scorpion (D:4)
  4 wights (D:4)
  2 hounds
  Jessica (D:2)
  An iguana (D:5)
  Terence (D:3)
  3 gnolls (D:4)
  2 adders
  3 worms (D:2)
  2 dart slugs (D:1)
  An orc (D:4)
  8 endoplasms
  A giant cockroach (D:4)
  8 goblins
  2 hobgoblins
  7 jackals
  5 kobolds
  9 ball pythons
  8 bats
  2 frilled lizards (D:2)
  6 rats
77 creatures vanquished.

Notes
Turn   | Place    | Note
-------+----------+-------------------------------------------
     0 | D:1      | NinjaNoafa the Meteoran Conjurer began the quest for the
                  | Orb.
     0 | D:1      | Reached XP level 1. HP: 14/14 MP: 5/5
    24 | D:1      | Reached skill level 5 in Conjurations
    34 | D:1      | Reached XP level 2. HP: 14/20 MP: 0/7
   117 | D:1      | Learned a level 2 spell: Searing Ray
   243 | D:1      | Reached XP level 3. HP: 25/26 MP: 5/8
   500 | D:1      | Glimpsed the power of Zot.
   550 | D:1      | Glimpsed the power of Zot.
   592 | D:2      | Noticed Jessica
   595 | D:2      | Reached XP level 4. HP: 32/33 MP: 4/11
   608 | D:2      | Killed Jessica
   609 | D:2      | Reached skill level 6 in Conjurations
   609 | D:2      | Reached XP level 5. HP: 24/38 MP: 3/12
   986 | D:3      | Learned a level 3 spell: Dazzling Flash
  1029 | D:3      | Noticed Terence
  1046 | D:3      | Killed Terence
  1047 | D:3      | Reached skill level 1 in Hexes
  1652 | D:4      | Reached XP level 6. HP: 46/46 MP: 10/14
  1676 | D:4      | Found Neis Rau's General Store.
  1771 | D:4      | Reached skill level 1 in Fighting
  1771 | D:4      | Reached skill level 1 in Shields
  1816 | D:4      | Reached XP level 7. HP: 10/50 MP: 6/15
  1834 | D:4      | Found Wuegafah's Antique Armour Shoppe.
  1986 | D:5      | Entered Level 5 of the Dungeon
  2187 | D:5      | Noticed Grinder
  2188 | D:5      | Noticed a hornet
  2209 | D:5      | Paralysed by a hornet for 1 turns
  2210 | D:5      | Mangled by a hornet

Illustrated notes

Levels and vault maps discovered:
D:1:      onia_arrival_pentagram, layout_loops_ring
D:2:      layout_basic, uniq_jessica
D:3:      layout_loops_ring, uniq_terence
D:4:      layout_rooms, serial_shops, nicolae_shop_advertising_works
          [nicolae_subvault_shop_adworks], nicolae_shop_overgrown_old_shop,
          minmay_misc_feat_plants
D:5:      layout_cave_pods, temple_green, nrook_mini_backslash,
          minmay_mini_ossuary, uniq_grinder

Skill      XL: |  1  2  3  4  5  6  7 |
---------------+----------------------+-----
Conjurations   | 5 6 |  6.4
Spellcasting   | 3 4 |  4.7
Hexes          | 1 2 3 |  3.2
Fighting       | 1 2 |  2.6
Dodging        | 3 4 |  4.0
Shields        | 2 |  2.9
Stealth        | |  1.4

Action                     |  1- 3 |  4- 6 |  7- 9 || total
---------------------------+-------+-------+-------++-------
  Melee: Unarmed           |     6 |       |       ||     6
         Dagger            |     4 |     5 |       ||     9
         Staff             |       |     6 |     5 ||    11
   Cast: Magic Dart        |    42 |    45 |    11 ||    98
         Searing Ray       |     1 |    14 |     6 ||    21
         Dazzling Flash    |       |     5 |     2 ||     7
    Use: Potion            |       |       |     2 ||     2
         Scroll            |       |       |     1 ||     1
 Armour: Robe              |     8 |     6 |       ||    14
         Leather armour    |       |       |     5 ||     5
  Dodge: Dodged            |     6 |    18 |    15 ||    39
  Block: Buckler           |       |     5 |     3 ||     8

Table legend: (Time is in decaauts)
 A = Elapsed time spent in this place.
 B = Non-inter-level travel time spent in this place.
 C = Inter-level travel time spent in this place.
 D = Time resting spent in this place.
 E = Time spent auto-exploring this place.
 F = Levels seen in this place.
 G = Mean time per level.
                   A        B        C        D        E       F      G
               +--------+--------+--------+--------+--------+-----+--------+
         Total |   2212 |   1893 |    319 |      0 |    673 |   5 |  442.4 |
       Dungeon |   2212 |   1893 |    319 |      0 |    673 |   5 |  442.4 |
               +--------+--------+--------+--------+--------+-----+--------+

Top non-repeatable levels by time:
     D:3: 617 daAuts
     D:1: 561 daAuts
     D:2: 418 daAuts
     D:4: 388 daAuts
     D:5: 226 daAuts
